Map: Ewiges Imperium LE

Players

MadBean

  • Race: Zerg Zerg
  • Spawn Location: 7:00

Oyfinn - Winner!

  • Race: Zerg Zerg
  • League: Diamond
  • Spawn Location: 1:00

VOD

Have the link to the VOD?

Description

Time

  • Played on: Dec. 2, 2019, 3:32 p.m.
  • Length: 15:55
Show
View Real Time Build Order
Export as new Build Order

MadBean Zerg 

Build Orders: Hatch First 

Get SALT Encoding   

  12  0:01  Drone  
  13  0:12  Overlord  
  13  0:17  Drone  
  14  0:30  Drone x2  
  16  0:36  Drone  
  17  0:46  Drone  
  18  0:55  Hatchery  
  17  0:58  Drone  
  18  1:13  Spawning Pool  
  18  1:14  Drone  
  18  1:21  Drone  
  19  1:31  Drone  
  20  1:35  Extractor  
  20  1:38  Drone  
  20  1:49  Overlord  
  20  2:01  Drone  
  20  2:06  Queen  
  23  2:09  Drone  
  23  2:10  Queen  
  23  2:13  Drone  
  27  2:18  Drone  
  28  2:28  Drone x2  
  30  2:36  Drone  
  31  2:39  Drone  
  31  2:42  Lair  
  32  2:45  Queen  
  34  2:57  Evolution Chamber  
  33  3:00  Drone x3  
  33  3:01  Overlord  
  36  3:10  Roach Warren  
  35  3:23  Zerg Missile Weapons Level 1  
  35  3:26  Drone x3  
  38  3:29  Extractor  
  38  3:30  Extractor  
  36  3:42  Drone x3  
  36  3:43  Drone x3  
  36  3:45  Drone  
  43  3:51  Drone  
  43  3:53  Overlord x2  
  44  3:56  Glial Reconstitution  
  44  4:11  Drone x3  
  44  4:12  Drone  
  44  4:14  Roach x3  
  44  4:16  Overseer  
  54  4:24  Overseer  
  54  4:28  Roach x2  
  54  4:29  Roach  
  60  4:38  Overlord x2  
  60  4:39  Overlord  
  60  4:59  Roach x3  
  70  5:00  Roach x4  
  74  5:09  Roach x2  
  78  5:18  Zerg Missile Weapons Level 2  
  78  5:19  Roach  
  80  5:25  Hatchery  
  80  5:28  Roach x2  
  83  5:31  Overlord  
  83  5:37  Drone  
  82  6:00  Roach  
  82  6:01  Roach x4  
  82  6:03  Overlord x2  
  80  6:12  Roach  
  80  6:13  Roach x5  
  84  6:22  Roach  
  84  6:24  Roach  
  74  6:39  Roach x6  
  86  6:44  Queen  
  80  7:05  Roach x6  
  80  7:06  Roach x3  
  98  7:14  Drone  
  98  7:15  Extractor, Drone  
  98  7:16  Drone x2  
  98  7:18  Drone x2  
  103  7:36  Hydralisk Den  
  102  7:38  Drone x2  
  104  7:50  Zerg Ground Armor Level 1  
  104  7:52  Drone  
  104  7:53  Drone x2  
  104  7:54  Overlord x2  
  105  8:12  Roach  
  97  8:13  Roach x15  
  91  8:51  Hydralisk x7  
  91  8:52  Hydralisk x4  
  111  9:06  Hydralisk  
  111  9:07  Hydralisk x2  
  117  9:14  Drone x3  
  120  9:17  Extractor  
  120  9:18  Extractor, Overlord x3  
  118  9:30  Drone x3  
  118  9:31  Overlord x2  
  121  9:36  Grooved Spines  
  121  9:50  Roach  
  121  9:51  Roach x8  
  121  9:52  Roach  
  141  9:56  Overlord  
  141  9:57  Overlord  
  141  9:58  Hatchery  
  140  10:12  Hydralisk x4  
  140  10:13  Hydralisk x3  
  154  10:42  Roach x4  
  148  10:43  Roach x6  
  130  10:52  Roach  
  130  10:53  Roach x5  
  107  11:04  Zerg Ground Armor Level 2  
  107  11:08  Infestation Pit  
  100  11:18  Queen  
  102  11:35  Spire  
  102  11:36  Roach x2  
  102  11:37  Hydralisk, Roach x5  
  117  11:46  Hive  
  117  12:07  Muscular Augments  
  117  12:09  Hydralisk x6  
  117  12:10  Hydralisk  
  131  12:15  Drone  
  131  12:16  Drone  
  131  12:20  Extractor  
  131  12:21  Extractor  
  131  12:27  Drone x2  
  131  12:28  Overlord  
  131  12:29  Overlord  
  133  12:31  Roach x2  
  137  12:51  Mutalisk  
  137  12:52  Mutalisk x5  
  149  13:05  Mutalisk x3, Zergling x2  
  148  13:06  Mutalisk  
  152  13:18  Mutalisk x3  
  158  13:30  Mutalisk x3  
  158  13:31  Mutalisk  
  145  14:04  Roach  
  145  14:05  Roach x12  
  114  14:20  Roach  
  114  14:21  Roach x4  
  102  14:53  Overlord x2  
  100  15:07  Hydralisk  
  100  15:08  Hydralisk x8  
Show
View Real Time Build Order
Export as new Build Order

Oyfinn Zerg - Winner!

Build Orders: Hatch First, Lurkers 

Get SALT Encoding   

  12  0:01  Drone  
  13  0:12  Overlord  
  13  0:17  Drone  
  14  0:33  Drone x2  
  16  0:44  Drone  
  17  0:53  Hatchery  
  16  0:58  Drone  
  16  1:00  Drone  
  18  1:12  Extractor  
  18  1:17  Spawning Pool  
  16  1:20  Drone  
  16  1:25  Drone  
  18  1:28  Drone  
  19  1:44  Overlord  
  19  1:53  Drone  
  20  2:05  Queen x2  
  20  2:07  Zergling x4  
  26  2:20  Metabolic Boost  
  26  2:25  Drone  
  26  2:26  Drone x2  
  29  2:36  Overlord  
  29  2:37  Drone  
  30  2:55  Drone  
  30  2:56  Drone x3  
  34  3:04  Overlord  
  34  3:11  Hatchery  
  33  3:14  Drone x3  
  36  3:23  Drone  
  36  3:24  Drone x3  
  40  3:27  Drone x2  
  40  3:31  Overlord  
  42  3:39  Drone  
  43  3:42  Roach Warren  
  42  3:56  Drone x8  
  42  3:57  Drone  
  51  4:06  Evolution Chamber  
  51  4:08  Evolution Chamber  
  49  4:11  Queen  
  49  4:14  Extractor  
  49  4:15  Extractor  
  49  4:16  Lair  
  49  4:34  Roach x2  
  49  4:35  Roach x5  
  63  4:41  Zerg Missile Weapons Level 1  
  62  5:00  Zerg Ground Armor Level 1  
  62  5:02  Zergling x4  
  62  5:03  Zergling x2  
  62  5:05  Overlord x5  
  65  5:20  Glial Reconstitution  
  65  5:33  Roach  
  65  5:34  Roach x4  
  65  5:35  Roach x3  
  81  5:38  Roach  
  81  5:39  Roach  
  81  5:40  Overlord x2  
  85  5:43  Zergling x8  
  84  6:03  Roach x5  
  84  6:04  Roach  
  90  6:09  Roach x2  
  71  6:29  Roach x4  
  71  6:30  Roach x5  
  83  6:37  Queen  
  85  6:58  Roach  
  85  6:59  Roach x8  
  103  7:15  Drone x8  
  105  7:16  Drone x2  
  105  7:21  Zerg Missile Weapons Level 2  
  113  7:43  Zerg Ground Armor Level 2  
  113  7:46  Extractor  
  113  7:49  Extractor x2  
  110  7:51  Roach  
  110  7:52  Roach  
  110  7:53  Zergling x2  
  110  7:54  Zergling x14  
  110  7:56  Overlord x2  
  122  8:09  Roach  
  122  8:10  Roach x2  
  104  8:21  Roach x2  
  104  8:22  Roach x5  
  117  8:27  Drone x3  
  117  8:28  Drone  
  120  8:46  Roach x4  
  120  8:47  Roach  
  124  9:09  Drone x2  
  127  9:10  Drone x4  
  127  9:15  Hydralisk Den  
  129  9:17  Overlord x2  
  129  9:18  Overlord x3  
  129  9:27  Infestation Pit  
  128  9:58  Drone x2  
  128  9:59  Hatchery, Drone x7  
  136  10:00  Roach  
  136  10:01  Roach x7  
  152  10:08  Hydralisk, Muscular Augments  
  152  10:09  Lurker Den  
  153  10:23  Roach  
  153  10:24  Roach x6  
  167  10:35  Overlord x2  
  167  10:36  Overlord x4  
  167  10:40  Roach x2  
  119  10:50  Roach  
  119  10:51  Roach x6  
  119  10:57  Hydralisk  
  117  11:11  Roach  
  117  11:12  Roach x8  
  129  11:28  Unknown  
  129  11:29  Lurker  
  129  11:31  Hydralisk  
  129  11:32  Hydralisk x6  
  137  11:34  Roach x6  
  155  11:49  Hive  
  155  11:54  Burrow  
  155  11:57  Roach x4  
  155  11:58  Roach x4  
  171  12:05  Lurker  
  171  12:06  Lurker x3  
  171  12:08  Lurker  
  176  12:20  Drone x3  
  176  12:21  Drone x2  
  181  12:23  Roach x4  
  181  12:24  Roach x3  
  195  12:43  Spine Crawler  
  195  12:44  Spine Crawler  
  193  12:47  Overseer x2  
  193  12:48  Roach  
  193  12:49  Roach x3, Spine Crawler x2  
  199  12:55  Grooved Spines  
  199  13:01  Seismic Spines  
  199  13:04  Zerg Missile Weapons Level 3  
  199  13:08  Zerg Ground Armor Level 3  
  197  13:16  Roach  
  196  13:58  Adaptive Talons  
  169  14:06  Roach  
  169  14:07  Hydralisk, Roach x10  
  169  14:08  Hydralisk x12  
  199  14:16  Hydralisk x3  
  194  14:31  Hydralisk x4  
  173  14:51  Hydralisk x8  
  173  14:52  Hydralisk x2  
  167  15:22  Roach x6  
  167  15:23  Roach x3  
  184  15:32  Spore Crawler  
  172  15:47  Spore Crawler  
  172  15:49  Spore Crawler  
Tags
 
Composition
Lurkers
League
Diamond
Matchup
ZvZ
Race
Zerg
Spawn Locations
Cross Positions
Add a new tag
Caveats
  • Supply blocks, unpowered buildings, or Contaminate may cause inaccurate times.
  • Supply counts are checked every 10 seconds.